 Dungeon Crawl Stone Soup version 0.30.1-3-gfc49f6343a (webtiles) character file.

Game seed: 13308922587102960675

6868 Wiggles the Severer (level 10, -4/78 HPs)
             Began as a Minotaur Berserker on July 28, 2023.
             Was a High Priest of Trog.
             Slain by a komodo dragon (5 damage)
             ... on level 10 of the Dungeon.
             The game lasted 00:14:33 (8699 turns).

Wiggles the Severer (Minotaur Berserker)            Turns: 8699, Time: 00:14:33

Health: -4/78      AC: 13    Str: 25    XL:     10   Next: 78%
Magic:  9/9        EV:  7    Int:  4    God:    Trog [*****.]
Gold:   560        SH:  0    Dex: 11    Spells: 9/9 levels left

rFire   . . .        a - +3 battleaxe (vamp)
rCold   . . .        (shield currently unavailable)
rNeg    . . .        y - +1 plate armour
rPois   .            (helmet restricted)
rElec   .            c - +2 cloak
rCorr   .            g - +0 pair of gloves
SInv    .            F - +0 pair of boots
Will    .....        (no amulet) Stlth
                     (no ring)
HPRegen 0.33/turn    (no ring)
MPRegen 0.11/turn

%: no passive effects
@: corroded
A: horns 2, retaliatory headbutt
a: Renounce Religion, Berserk, Trog's Hand, Brothers in Arms


You were on level 10 of the Dungeon.
You worshipped Trog.
Trog was extremely pleased with you.
You visited 1 branch of the dungeon, and saw 10 of its levels.

You collected 560 gold pieces.

Inventory:

Hand Weapons
 a - a +3 vampiric battleaxe (weapon)
Missiles
 k - 7 boomerangs (quivered)
Armour
 c - a +2 cloak (worn)
 g - a +0 pair of gloves (worn)
 y - a +1 plate armour (worn)
 F - a +0 pair of boots (worn)
Wands
 t - a wand of paralysis (16)
 A - a wand of mindburst (16)
 E - a wand of polymorph (12)
Scrolls
 b - 2 scrolls of identify
 d - a scroll of fog
 e - a scroll of blinking
 v - 2 scrolls of fear
 z - 2 scrolls of teleportation
Potions
 f - 2 potions of degeneration {unknown}
 h - a potion of mutation
 i - 3 potions of invisibility
 j - 2 potions of might {unknown}
 l - 2 potions of heal wounds {unknown}
 n - a potion of lignification {unknown}
 p - 5 potions of curing
 s - 2 potions of flight
 D - a potion of haste {unknown}
 H - 3 potions of cancellation {unknown}
 I - a potion of resistance {unknown}


   Skills:
 - Level 3.7 Fighting
 + Level 19.3 Axes
 - Level 2.4 Armour
 - Level 2.1 Dodging
 - Level 0.3 Shields


You had 9 spell levels left.
You didn't know any spells.
Your spell library was empty.

Dungeon Overview and Level Annotations

Branches:
Dungeon (10/15)            Temple (0/1) D:5            Lair (0/5) D:9
    Orc: D:9-12

Altars:
Cheibriados
Dithmenos
Hepliaklqana
Kikubaaqudgha
Makhleb
Sif Muna
Trog
Wu Jian
Xom
The Shining One

Shops:
D:1 (   D:9 [

Annotations:
D:10 3 runed translucent doors, croobank's ghost, journeyman OpDe


Innate Abilities, Weirdness & Mutations

You have a pair of horns on your head.
You reflexively headbutt those who attack you in melee.


Message History

You are too injured to fight recklessly!
You hit the acid dragon.
You feel better.
You headbutt the acid dragon!
The acid dragon is severely wounded.
The acid dragon spits acid at you. The splash of acid hits you.
You barely miss the acid dragon.
The acid dragon is severely wounded.
You slash the wraith! The wraith hits you but does no damage.
The acid dragon bites you! The acid dragon claws you.
You slice the acid dragon!!
You feel better.
You kill the acid dragon!
Trog accepts your kill.
You barely miss the wraith. The wraith completely misses you.
You furiously retaliate!
You headbutt the wraith! You slice the komodo dragon!!
You feel better.
The komodo dragon is heavily wounded.
You hit the wraith but do no damage. The komodo dragon bites you!
You barely miss the komodo dragon. Your headbutt misses the komodo dragon.
The komodo dragon is heavily wounded.
You closely miss the wraith. The wraith hits you but does no damage.
The komodo dragon barely misses you.
You slash the komodo dragon!
You feel better.
The komodo dragon is severely wounded.
You hit the wraith. The wraith hits you but does no damage.
The komodo dragon bites you!!
* * * LOW HITPOINT WARNING * * *
You hit the komodo dragon but do no damage.
The komodo dragon is severely wounded.
You slash the wraith!
You destroy the wraith!
Trog accepts your kill.
Trog will now gift you melee weapons as you gain piety.
You completely miss the komodo dragon.
The komodo dragon is severely wounded.
The komodo dragon bites you!!
* * * LOW HITPOINT WARNING * * *
You barely miss the komodo dragon.
The komodo dragon is severely wounded.
The komodo dragon bites you.
You die...

#...........# #...#
#...........#
##...# #...........
#....##
#..........# ..
#.....#
#..........# ...
#.....#
#..........# #....
#.....#
#).....l..##......
#.....#
#......@....#
......#
##.........##
##....###
#.......###
##......###......##
###..##...#....##
########.....# ##
##..### .##### ##.#
.....#### #.##


You could see a komodo dragon.

Vanquished Creatures
  A two-headed ogre (D:9)
  Pikel (D:9)
  A wraith (D:10)
  8 yaks
  2 wyverns (D:8)
  2 steam dragons
  2 vampire mosquitoes (D:9)
  Edmund (D:4)
  2 acid dragons
  2 orc warriors (D:9)
  An ice beast (D:8)
  2 ogres
  3 centaurs
  A lemure (D:9)
  A phantom (D:6)
  6 bullfrogs
  A gnoll sergeant (D:9)
  3 scorpions
  16 wights
  4 howler monkeys
  2 electric eels (D:8)
  5 hounds
  6 orc priests
  3 sleepcaps
  Terence (D:2)
  4 iguanas
  7 orc wizards
  8 gnolls
  5 adders
  A white imp (D:6)
  2 worms
  2 dart slugs (D:4)
  43 orcs
  3 ball pythons
  6 bats
  11 endoplasms
  2 giant cockroaches
  2 hobgoblins
  4 jackals (D:5)
  8 kobolds
  3 quokkas
  2 frilled lizards
  7 goblins
  4 rats
  A spectral kobold (D:1)
202 creatures vanquished.

Notes
Turn   | Place    | Note
-------+----------+-------------------------------------------
     0 | D:1      | Wiggles the Minotaur Berserker began the quest for the Orb.
     0 | D:1      | Reached XP level 1. HP: 19/19 MP: 0/0
   188 | D:1      | Found a faded altar of an unknown god.
   191 | D:1      | Reached skill level 4 in Axes
   221 | D:1      | Reached XP level 2. HP: 27/27 MP: 1/1
   248 | D:1      | Found Bojaygg's Antique Weapon Emporium.
  1034 | D:2      | Found a glowing golden altar of the Shining One.
  1051 | D:2      | Noticed Terence
  1061 | D:2      | Killed Terence
  1062 | D:2      | Reached skill level 5 in Axes
  1062 | D:2      | Reached XP level 3. HP: 31/33 MP: 2/2
  1596 | D:2      | Reached XP level 4. HP: 40/40 MP: 3/3
  1659 | D:3      | Reached ** piety under Trog
  1885 | D:3      | Reached skill level 6 in Axes
  1939 | D:3      | Found a shimmering altar of Xom.
  2379 | D:3      | Found a shimmering blue altar of Sif Muna.
  2422 | D:4      | Found a snail-covered altar of Cheibriados.
  2436 | D:4      | Reached skill level 7 in Axes
  2436 | D:4      | Reached XP level 5. HP: 46/46 MP: 4/4
  2643 | D:4      | Found a hazy altar of Hepliaklqana.
  2660 | D:4      | Reached *** piety under Trog
  2662 | D:4      | Reached skill level 8 in Axes
  2662 | D:4      | Reached XP level 6. HP: 46/52 MP: 5/5
  2841 | D:4      | Noticed Edmund
  2853 | D:4      | Killed Edmund
  2854 | D:4      | Reached skill level 9 in Axes
  3049 | D:4      | Found a glowing golden altar of the Shining One.
  3554 | D:5      | Entered Level 5 of the Dungeon
  3560 | D:5      | Reached XP level 7. HP: 53/58 MP: 6/6
  3797 | D:5      | Reached skill level 10 in Axes
  3925 | D:5      | Found a staircase to the Ecumenical Temple.
  3984 | D:5      | Found a shadowy altar of Dithmenos.
  4206 | D:6      | Reached skill level 11 in Axes
  4337 | D:6      | Identified the +0 dagger of Spite {heavy, Fly}
  4442 | D:6      | Reached XP level 8. HP: 63/66 MP: 7/7
  4511 | D:6      | Reached skill level 12 in Axes
  4675 | D:6      | Reached **** piety under Trog
  5044 | D:7      | Reached skill level 13 in Axes
  5633 | D:7      | Reached skill level 14 in Axes
  6138 | D:8      | Reached XP level 9. HP: 71/71 MP: 8/8
  6311 | D:8      | Reached skill level 15 in Axes
  6984 | D:8      | Reached skill level 16 in Axes
  6988 | D:8      | HP: 3/71 [yak (9)]
  7364 | D:8      | Found an ornate altar of the Wu Jian Council.
  7445 | D:9      | Found Lasamiat's Armour Boutique.
  7447 | D:9      | Noticed Pikel
  7453 | D:9      | Killed Pikel
  7454 | D:9      | Reached skill level 17 in Axes
  7454 | D:9      | Reached XP level 10. HP: 62/78 MP: 9/9
  7687 | D:9      | Found a staircase to the Lair.
  7856 | D:9      | Noticed a two-headed ogre
  7866 | D:9      | Killed a two-headed ogre
  7867 | D:9      | Reached skill level 18 in Axes
  7891 | D:9      | Identified the +8 mace of Proximity {pain, Str+6 Int-5}
  8094 | D:9      | Reached ***** piety under Trog
  8188 | D:9      | Found a bloodstained altar of Trog.
  8323 | D:10     | Entered Level 10 of the Dungeon
  8335 | D:10     | Reached skill level 19 in Axes
  8357 | D:10     | Found a burning altar of Makhleb.
  8416 | D:10     | Found an ancient bone altar of Kikubaaqudgha.
  8637 | D:10     | Found a runed translucent gate.
  8638 | D:10     | Found a runed translucent gate.
  8638 | D:10     | Found a runed translucent gate.
  8644 | D:10     | Noticed croobank's ghost (journeyman OpDe)
  8698 | D:10     | HP: 1/78 [komodo dragon (21)]
  8699 | D:10     | Slain by a komodo dragon

Illustrated notes

Levels and vault maps discovered:
D:1:      shiori_arrival_maze, layout_basic,
          dreamdust_ecumenical_altar_drowned_temple, serial_shops,
          nicolae_shop_tiny_real_fake_doors
D:2:      layout_loops_ring, basic_altar, chequers_serial_rivers_room_a,
          uniq_terence
D:3:      layout_loops_ring, mainiacjoe_overflow_boulevard,
          nicolae_sif_muna_little_library
D:4:      layout_basic, mainiacjoe_overflow_alcove_1, cheibriados_altar_1,
          nicolae_tso_swordbearing_angel, uniq_edmund
D:5:      layout_rooms, mainiacjoe_overflow_brackets, temple_statues
D:6:      layout_rooms
D:7:      layout_loops_ring, corexii_hall_statues_i
D:8:      layout_rooms, nicolae_wu_jian_immortal_techniques, serial_bayou,
          serial_bayou_pond_b, serial_bayou_pond_e, serial_bayou_pond_e,
          serial_bayou_lagoon_b, serial_bayou_pond_a
D:9:      layout_loops_cross, lemuel_tele_altar, lair_entry_dummy,
          nicolae_stop_n_shop_1, uniq_pikel
D:10:     layout_cave_pods, mainiacjoe_overflow_six_doors_small,
          amcnicky_altar_gilded, overflow_temple_1_default,
          mainiacjoe_overflow_divided_tiny, gammafunk_ghost_spectres,
          minmay_librarian

Skill      XL: |  1  2  3  4  5  6  7  8  9 10 |
---------------+-------------------------------+-----
Axes           | 4 5 7 8 9 11 14 17 19 | 19.3
Fighting       | |  3.7
Armour         | |  2.4
Dodging        | |  2.1
Shields        | |  0.3

Action                     |  1- 3 |  4- 6 |  7- 9 | 10-12 || total
---------------------------+-------+-------+-------+-------++-------
  Melee: Hand axe          |    40 |       |       |       ||    40
         Headbutt          |     5 |    18 |    37 |    14 ||    74
         War axe           |     9 |   114 |   192 |       ||   315
         Battleaxe         |       |       |    23 |    83 ||   106
  Throw: Boomerang         |     6 |    24 |    46 |    17 ||    93
 Invoke: Berserk           |     1 |     2 |     4 |     1 ||     8
    Use: Scroll            |       |       |    17 |     1 ||    18
   Stab: Sleeping          |     1 |       |       |       ||     1
 Armour: Animal skin       |     6 |       |       |       ||     6
         Chain mail        |     8 |    44 |       |       ||    52
         Plate armour      |       |    30 |   122 |    44 ||   196
  Dodge: Dodged            |    25 |    25 |    56 |    29 ||   135
  Block: Kite shield       |    11 |    34 |    61 |       ||   106
